 Dungeon Crawl Stone Soup version 0.26.1-16-g4e020e15dc (webtiles) character file.

Game seed: 7790349340792376788

669 Froggeryz the Cudgeller (level 7, 0/73 HPs)
             Began as an Octopode Berserker on Mar 6, 2023.
             Was a Priest of Trog.
             Killed by divine providence
             ... invoked by an orc priest
              (9 damage)
             ... on level 6 of the Dungeon.
             The game lasted 00:04:00 (4967 turns).

Froggeryz the Cudgeller (Octopode Berserker)        Turns: 4967, Time: 00:04:01

Health: 0/73       AC: 23    Str: 16    XL:     7   Next: 58%
Magic:  7/7        EV:  2    Int:  9    God:    Trog [***...]
Gold:   344        SH:  0    Dex: 14    Spells: 6/6 levels left

rFire    . . .     SeeInvis .   j - +1 short sword (venom)
rCold    . . .     Faith    .   (no shield)
rNeg     + + +     Spirit   .   (helmet currently unavailable)
rPois    +         Reflect  .   (no amulet)
rElec    .         Harm     .   (no ring)
rCorr    .         Rampage  .   (no ring)
Will     .....     NoTele   +   (no ring)
Stlth    +++.......             (no ring)
HPRegen  0.22/turn              (no ring)
MPRegen  0.10/turn              (no ring)
                                (no ring)
                                (no ring)

@: tree-form
A: almost no armour, stealthy swim, (amphibious), 8 rings, (constrict 8)
a: Renounce Religion, Berserk, Trog's Hand


You were on level 6 of the Dungeon.
You worshipped Trog.
Trog was most pleased with you.
You were a tree.
You visited 1 branch of the dungeon, and saw 6 of its levels.

You collected 344 gold pieces.

Inventory:

Hand Weapons
 a - a +0 mace
 j - a +1 short sword of venom (weapon)
Missiles
 g - 16 poisoned darts (quivered)
Wands
 t - a wand of paralysis (9)
Scrolls
 c - a scroll of teleportation {unknown}
 d - 2 scrolls of immolation
 e - 3 scrolls of amnesia
 f - 3 scrolls of remove curse
 h - a scroll of identify
 l - a scroll of noise {unknown}
 o - a scroll of magic mapping {unknown}
 q - a scroll of fear {unknown}
 r - a scroll of blinking {unknown}
 s - a scroll of fog {unknown}
Potions
 b - a potion of lignification
 i - a potion of haste {unknown}
 k - a potion of magic {unknown}
 m - 2 potions of heal wounds
 n - a potion of curing {unknown}
 p - a potion of invisibility {unknown}
 v - a potion of mutation {unknown}
 w - a potion of degeneration {unknown}


   Skills:
 + Level 4.9 Fighting
 * Level 6.4 Maces & Flails
 - Level 3.0 Dodging
 + Level 5.4 Stealth


You had 6 spell levels left.
You didn't know any spells.
Your spell library was empty.

Dungeon Overview and Level Annotations

Branches:
Dungeon (6/15)             Temple (0/1) D:5

Altars:
Vehumet
Yredelemnul


Innate Abilities, Weirdness & Mutations

You cannot wear most types of armour.
You are very stealthy in the water. (Stealth+)
((You are amphibious.))
You can wear up to eight rings at the same time.
((You can use your tentacles to constrict eight enemies at once.))
((Your skin changes colour to match your surroundings (Stealth+).))
((Your rubbery body absorbs attacks. (AC +1, EV +1)))


Message History

The centaur skeleton hits you but does no damage.
The necrophage hits you.
* * * LOW HITPOINT WARNING * * *
You closely miss the necrophage.
The necrophage is severely damaged.
The centaur skeleton hits you but does no damage.
The wight hits you but does no damage.
The necrophage hits you but does no damage.
You hit the necrophage.
The necrophage is severely damaged.
The centaur skeleton hits you but does no damage.
The orc priest calls down the wrath of Beogh upon you.
Beogh smites you!
* * * LOW HITPOINT WARNING * * *
The wight hits you but does no damage.
The necrophage hits you but does no damage.
The centaur skeleton hits you but does no damage.
The orc priest mumbles some strange prayers to Beogh against you.
Beogh smites you!
You die...

.....#...##....
.....+....##....
##...#.....##### #
#.........#
######.........##
##...#..........##
.....#...........#
##...#.........Z.#
##...#.........o♣########
.#...#......#####nYz....##
.#...#......#...+zY......#
.#...#......#...#z.......#
.+...#......#...#........#
######.......####........#
##...#.......Y.......#####
#......######.....÷.o#
#.....r#....#........#


You could see 2 ice beasts, a necrophage, 3 wights, an orc priest, an orc and a
centaur skeleton.

Vanquished Creatures
  A phantom (D:6)
  An ice beast (D:5)
  A bullfrog (D:6)
  A wight (D:6)
  A gnoll shaman (D:4)
  A bullfrog skeleton (D:5)
  A hound (D:4)
  Natasha (D:2)
  3 worker ants
  A mummy (D:6)
  A howler monkey zombie (D:6)
  3 gnolls (D:4)
  5 adders
  2 white imps (D:5)
  2 oozes
  3 worms
  2 dart slugs
  5 leopard geckos
  3 orcs (D:5)
  5 bats
  4 goblins
  6 hobgoblins
  5 jackals
  7 kobolds
  3 quokkas
  4 ball pythons
  2 frilled lizards
  3 hobgoblin zombies (D:6)
  A kobold zombie (D:6)
  6 rats
84 creatures vanquished.

Vanquished Creatures (others)
  2 adders (D:2)
2 creatures vanquished.

Grand Total: 86 creatures vanquished

Notes
Turn   | Place    | Note
-------+----------+-------------------------------------------
     0 | D:1      | Froggeryz the Octopode Berserker began the quest for the
                  | Orb.
     0 | D:1      | Reached XP level 1. HP: 16/16 MP: 1/1
   314 | D:1      | Reached skill level 1 in Stealth
   314 | D:1      | Reached XP level 2. HP: 12/21 MP: 2/2
  1225 | D:1      | Reached XP level 3. HP: 26/26 MP: 3/3
  1552 | D:2      | Found a radiant altar of Vehumet.
  1594 | D:2      | Reached ** piety under Trog
  1671 | D:2      | Noticed Natasha
  1680 | D:2      | Killed Natasha
  1681 | D:2      | Reached skill level 4 in Maces & Flails
  1681 | D:2      | Reached XP level 4. HP: 14/31 MP: 4/4
  1924 | D:2      | You fall into a shaft and drop 1 floor!
  2878 | D:2      | Reached XP level 5. HP: 37/37 MP: 5/5
  3104 | D:4      | You fall into a shaft and drop 1 floor!
  3104 | D:5      | Entered Level 5 of the Dungeon
  3108 | D:5      | Found a basalt altar of Yredelemnul.
  3125 | D:5      | Noticed an ice beast
  3142 | D:5      | Found a staircase to the Ecumenical Temple.
  3492 | D:4      | Reached skill level 5 in Maces & Flails
  3492 | D:4      | Reached XP level 6. HP: 43/43 MP: 6/6
  4174 | D:5      | Reached *** piety under Trog
  4287 | D:5      | Killed an ice beast
  4288 | D:5      | Reached XP level 7. HP: 49/49 MP: 7/7
  4448 | D:6      | Reached skill level 6 in Maces & Flails
  4448 | D:6      | Reached skill level 5 in Stealth
  4925 | D:6      | HP: 2/47 [necrophage (2)]
  4967 | D:6      | Killed from afar by an orc priest

Illustrated notes

Levels and vault maps discovered:
D:1:      psy_arrival_spokes, layout_basic, serial_rivers,
          chequers_serial_rivers_micro_a, chequers_serial_rivers_large_a,
          chequers_serial_rivers_large_b, chequers_serial_rivers_small_b,
          chequers_serial_rivers_small_b, due_unseen_surprise
D:2:      layout_basic, fiery_altar_vehumet, uniq_natasha
D:3:      layout_loops_ring
D:4:      layout_rooms, minmay_cut_off
D:5:      layout_rooms, minmay_temple_entry_trees, yredelemnul_altar_generic
D:6:      minmay_polygon_palace, layout_gridville, basic_altar,
          minmay_mini_ossuary

Skill      XL: |  1  2  3  4  5  6  7 |
---------------+----------------------+-----
Stealth        | 1 2 3 4 5 |  5.4
Maces & Flails | 4 5 6 |  6.4
Fighting       | 4 |  4.9
Dodging        | |  3.0

Action                   |  1- 3 |  4- 6 |  7- 9 || total
-------------------------+-------+-------+-------++-------
Melee: Mace              |    51 |       |    25 ||    76
       Constrict         |    10 |    27 |     6 ||    43
       Tentacles         |     5 |    21 |     5 ||    31
       Short sword       |    10 |    85 |    35 ||   130
Invok: Berserk           |       |     1 |       ||     1
  Use: Scroll            |     2 |       |     3 ||     5
       Potion            |       |       |     2 ||     2
 Stab: Sleeping          |     8 |    12 |     2 ||    22
Armor: Skin              |     5 |     6 |    50 ||    61
Dodge: Dodged            |    37 |    64 |    49 ||   150
